[ AOE2 MATCH · #506115453 ]
UnrankedSaracens vs Japanese
Player's team · LOSS
Rival team · WIN
[ REPLAY ANALYSIS · EXTRACTED FROM THE RECORDED GAME ]
Feudal
11:24
Castle
22:19
Imperial
40:53
| APM avg | 74.7 |
| APM peak | 107 |
| eAPM avg | 33.9 |
| Villagers / military | 179 / 150 |
Focus
⚔️ 46.6% · 🌾 53.4%
Skirmisher ×92 · Cavalry Archer ×26 · Militia ×9 · Mameluke ×7 · Mangonel ×7 · Trebuchet (Packed) ×4
Feudal
10:48
Castle
19:01
Imperial
46:56
| APM avg | 92.1 |
| APM peak | 132 |
| eAPM avg | 48.5 |
| Villagers / military | 183 / 237 |
Focus
⚔️ 53.0% · 🌾 47.0%
Cavalry Archer ×104 · Skirmisher ×53 · Samurai ×29 · Battering Ram ×24 · Mangonel ×10 · Archer ×8
Match map
Initial resources + every placement click. Lines = walls · curves = elevation contours. ◆ gold · ⬟ stone · ● berries · ✦ relic · ◌ wall gap
Your base· Open — 4t gap
我本善良's base· Open — 9t gap
Smoothed initial terrain · ◌ = detected wall gap · hover for details
Inputs per minute
— Macluffy - - 我本善良
Build order — Macluffy
First 150 of 506 actions detected
| 0:01 | Create | Villager (Male) |
| 0:02 | Create | Villager (Male) |
| 0:02 | Create | Villager (Male) |
| 0:03 | Build | House |
| 0:06 | Build | House |
| 0:10 | Create | Villager (Male) |
| 1:25 | Create | Villager (Male) |
| 1:25 | Create | Villager (Male) |
| 1:48 | Build | Lumber Camp |
| 2:05 | Create | Villager (Male) |
| 2:05 | Create | Villager (Male) |
| 2:14 | Create | Villager (Male) |
| 2:45 | Create | Villager (Male) |
| 3:03 | Create | Villager (Male) |
| 3:34 | Create | Villager (Male) |
| 3:34 | Create | Villager (Male) |
| 3:57 | Create | Villager (Male) |
| 4:02 | Build | House |
| 4:25 | Create | Villager (Male) |
| 4:25 | Create | Villager (Male) |
| 4:37 | Build | Barracks |
| 4:45 | Create | Villager (Male) |
| 5:03 | Build | House |
| 5:09 | Create | Villager (Male) |
| 5:10 | Create | Villager (Male) |
| 5:24 | Create | Villager (Male) |
| 5:31 | Create | Militia |
| 5:32 | Create | Militia |
| 5:34 | Research | Loom |
| 5:53 | Create | Villager (Male) |
| 5:56 | Create | Militia |
| 5:59 | Build | Palisade Wall |
| 5:59 | Build | Palisade Wall |
| 6:00 | Build | Palisade Wall |
| 6:03 | Create | Villager (Male) |
| 6:20 | Create | Militia |
| 6:31 | Build | Mill |
| 6:36 | Build | House |
| 7:06 | Build | House |
| 7:08 | Create | Villager (Male) |
| 7:11 | Create | Villager (Male) |
| 7:46 | Build | Palisade Wall |
| 7:54 | Create | Villager (Male) |
| 8:27 | Build | Mill |
| 8:59 | Create | Villager (Male) |
| 9:14 | Research | Feudal Age |
| 9:14 | Research | Feudal Age |
| 9:56 | Create | Villager (Male) |
| 10:03 | Create | Villager (Male) |
| 10:14 | Create | Villager (Male) |
| 10:35 | Build | Mining Camp |
| 11:20 | Create | Villager (Male) |
| 11:24 | Age | Feudal Age |
| 11:26 | Create | Villager (Male) |
| 11:35 | Build | Archery Range |
| 11:46 | Create | Militia |
| 11:46 | Create | Militia |
| 11:49 | Build | Farm |
| 11:54 | Research | Double-Bit Axe |
| 12:08 | Create | Villager (Male) |
| 12:12 | Build | Farm |
| 12:22 | Create | Villager (Male) |
| 12:24 | Create | Militia |
| 12:36 | Create | Archer |
| 12:40 | Build | Farm |
| 12:41 | Build | Farm |
| 12:41 | Create | Villager (Male) |
| 13:02 | Create | Villager (Male) |
| 13:05 | Build | Farm |
| 13:07 | Build | Farm |
| 13:18 | Research | Man-at-Arms (upgrade) |
| 13:19 | Research | Man-at-Arms (upgrade) |
| 13:31 | Build | House |
| 13:36 | Build | Farm |
| 13:47 | Create | Skirmisher |
| 13:49 | Build | House |
| 13:54 | Create | Archer |
| 14:10 | Create | Skirmisher |
| 14:12 | Create | Villager (Male) |
| 14:14 | Build | Palisade Wall |
| 14:17 | Build | Palisade Wall |
| 14:22 | Build | Farm |
| 14:26 | Create | Skirmisher |
| 14:27 | Create | Villager (Male) |
| 14:47 | Build | House |
| 14:56 | Create | Villager (Male) |
| 15:03 | Create | Skirmisher |
| 15:07 | Create | Villager (Male) |
| 15:19 | Build | Farm |
| 15:22 | Create | Skirmisher |
| 15:28 | Build | House |
| 15:37 | Create | Villager (Male) |
| 15:41 | Build | Blacksmith |
| 15:44 | Create | Skirmisher |
| 15:57 | Create | Skirmisher |
| 16:00 | Create | Militia |
| 16:10 | Create | Villager (Male) |
| 16:19 | Build | Market |
| 16:23 | Create | Militia |
| 16:40 | Create | Villager (Male) |
| 16:53 | Research | Arson |
| 16:53 | Research | Arson |
| 17:00 | Create | Skirmisher |
| 17:04 | Build | House |
| 17:11 | Build | House |
| 17:16 | Build | Farm |
| 17:18 | Build | Farm |
| 17:19 | Create | Villager (Male) |
| 17:38 | Research | Fletching |
| 17:39 | Research | Fletching |
| 17:39 | Create | Skirmisher |
| 17:40 | Create | Villager (Male) |
| 17:41 | Create | Skirmisher |
| 17:53 | Research | Horse Collar |
| 17:58 | Build | House |
| 18:08 | Create | Villager (Male) |
| 18:09 | Create | Skirmisher |
| 18:10 | Create | Villager (Male) |
| 18:21 | Create | Skirmisher |
| 18:22 | Create | Villager (Male) |
| 18:29 | Create | Skirmisher |
| 18:30 | Create | Villager (Male) |
| 18:32 | Build | House |
| 18:48 | Create | Villager (Male) |
| 19:34 | Build | Lumber Camp |
| 19:39 | Research | Castle Age |
| 19:51 | Create | Villager (Male) |
| 20:02 | Create | Skirmisher |
| 20:16 | Create | Villager (Male) |
| 20:29 | Create | Skirmisher |
| 20:29 | Create | Skirmisher |
| 20:43 | Create | Villager (Male) |
| 20:50 | Build | Archery Range |
| 20:59 | Create | Skirmisher |
| 21:02 | Create | Villager (Male) |
| 21:03 | Build | Archery Range |
| 21:08 | Research | Gold Mining |
| 21:18 | Build | Palisade Wall |
| 21:19 | Build | House |
| 21:30 | Create | Skirmisher |
| 21:30 | Create | Skirmisher |
| 21:40 | Build | Farm |
| 21:49 | Build | Palisade Wall |
| 21:50 | Build | Palisade Wall |
| 21:52 | Build | Palisade Wall |
| 21:57 | Create | Skirmisher |
| 22:04 | Build | Palisade Wall |
| 22:06 | Create | Skirmisher |
| 22:06 | Create | Villager (Male) |
| 22:11 | Research | Padded Archer Armor |
Build order — 我本善良
First 150 of 614 actions detected
| 0:01 | Create | Villager (Male) |
| 0:01 | Create | Villager (Male) |
| 0:03 | Build | House |
| 0:04 | Build | House |
| 0:12 | Create | Villager (Male) |
| 0:12 | Create | Villager (Male) |
| 1:26 | Create | Villager (Male) |
| 1:27 | Create | Villager (Male) |
| 1:27 | Create | Villager (Male) |
| 1:56 | Build | Lumber Camp |
| 2:01 | Create | Villager (Male) |
| 2:20 | Create | Villager (Male) |
| 2:21 | Create | Villager (Male) |
| 2:51 | Create | Villager (Male) |
| 2:51 | Create | Villager (Male) |
| 3:10 | Create | Villager (Male) |
| 3:44 | Create | Villager (Male) |
| 3:44 | Create | Villager (Male) |
| 3:50 | Build | House |
| 4:04 | Create | Villager (Male) |
| 4:04 | Create | Villager (Male) |
| 4:21 | Build | Barracks |
| 4:27 | Create | Villager (Male) |
| 4:27 | Create | Villager (Male) |
| 4:55 | Build | House |
| 4:56 | Create | Villager (Male) |
| 5:12 | Create | Villager (Male) |
| 5:18 | Create | Militia |
| 5:18 | Create | Militia |
| 5:34 | Build | Mill |
| 5:44 | Create | Militia |
| 5:48 | Create | Villager (Male) |
| 5:48 | Create | Villager (Male) |
| 5:51 | Build | House |
| 5:52 | Build | Palisade Wall |
| 6:09 | Build | House |
| 6:16 | Create | Villager (Male) |
| 6:17 | Create | Villager (Male) |
| 6:31 | Create | Militia |
| 6:37 | Create | Villager (Male) |
| 6:38 | Create | Villager (Male) |
| 6:49 | Create | Militia |
| 6:54 | Build | Mill |
| 7:04 | Create | Villager (Male) |
| 7:38 | Create | Villager (Male) |
| 7:39 | Create | Villager (Male) |
| 8:02 | Research | Loom |
| 8:02 | Research | Loom |
| 8:03 | Build | Palisade Wall |
| 8:05 | Build | Palisade Wall |
| 8:38 | Research | Feudal Age |
| 8:38 | Research | Feudal Age |
| 8:59 | Build | Mining Camp |
| 9:39 | Create | Villager (Male) |
| 10:35 | Create | Villager (Male) |
| 10:42 | Build | Farm |
| 10:43 | Build | Farm |
| 10:45 | Build | Farm |
| 10:47 | Build | Farm |
| 10:48 | Age | Feudal Age |
| 10:54 | Build | Archery Range |
| 11:08 | Create | Villager (Male) |
| 11:09 | Research | Double-Bit Axe |
| 11:09 | Research | Double-Bit Axe |
| 11:17 | Build | House |
| 11:35 | Build | Farm |
| 11:41 | Build | Palisade Wall |
| 11:43 | Build | Palisade Wall |
| 11:46 | Create | Villager (Male) |
| 11:50 | Create | Archer |
| 11:50 | Create | Archer |
| 11:58 | Build | House |
| 12:02 | Create | Villager (Male) |
| 12:19 | Create | Archer |
| 12:23 | Build | Farm |
| 12:32 | Build | House |
| 12:39 | Create | Villager (Male) |
| 12:47 | Build | Farm |
| 12:55 | Build | House |
| 13:07 | Create | Archer |
| 13:15 | Create | Villager (Male) |
| 13:18 | Build | Farm |
| 13:43 | Create | Archer |
| 13:43 | Create | Villager (Male) |
| 13:45 | Build | House |
| 13:56 | Build | Farm |
| 14:00 | Create | Villager (Male) |
| 14:04 | Create | Archer |
| 14:17 | Build | Palisade Wall |
| 14:22 | Create | Villager (Male) |
| 14:56 | Create | Villager (Male) |
| 15:01 | Create | Archer |
| 15:08 | Create | Archer |
| 15:14 | Create | Villager (Male) |
| 15:16 | Build | Farm |
| 15:17 | Build | Farm |
| 15:29 | Build | Blacksmith |
| 15:34 | Create | Villager (Male) |
| 15:40 | Build | Farm |
| 16:11 | Build | Lumber Camp |
| 16:21 | Research | Castle Age |
| 16:21 | Research | Castle Age |
| 16:21 | Research | Castle Age |
| 16:29 | Build | House |
| 16:38 | Build | Archery Range |
| 17:01 | Research | Horse Collar |
| 17:02 | Research | Horse Collar |
| 17:16 | Research | Fletching |
| 17:17 | Research | Fletching |
| 17:42 | Build | Stable |
| 17:52 | Build | Stone Wall |
| 17:54 | Build | Stone Wall |
| 18:24 | Build | Watch Tower |
| 18:27 | Build | House |
| 18:34 | Build | Palisade Wall |
| 18:35 | Build | Palisade Wall |
| 18:37 | Build | Palisade Wall |
| 18:38 | Build | Stone Wall |
| 18:52 | Create | Villager (Male) |
| 18:54 | Build | Mining Camp |
| 19:01 | Age | Castle Age |
| 19:03 | Create | Knight |
| 19:06 | Create | Cavalry Archer |
| 19:06 | Create | Cavalry Archer |
| 19:10 | Research | Bow Saw |
| 19:15 | Create | Villager (Male) |
| 19:17 | Create | Knight |
| 19:17 | Create | Knight |
| 19:32 | Create | Villager (Male) |
| 19:39 | Create | Cavalry Archer |
| 19:40 | Create | Cavalry Archer |
| 20:11 | Create | Knight |
| 20:25 | Create | Villager (Male) |
| 20:37 | Create | Villager (Male) |
| 20:42 | Build | Market |
| 20:44 | Create | Cavalry Archer |
| 20:45 | Create | Cavalry Archer |
| 20:55 | Build | Farm |
| 20:56 | Build | Farm |
| 20:56 | Build | Farm |
| 21:05 | Build | Archery Range |
| 21:16 | Create | Villager (Male) |
| 21:25 | Create | Cavalry Archer |
| 21:25 | Create | Cavalry Archer |
| 21:26 | Create | Cavalry Archer |
| 21:31 | Build | Stone Wall |
| 21:37 | Create | Villager (Male) |
| 21:43 | Create | Cavalry Archer |
| 21:46 | Build | Farm |
| 21:49 | Build | Stone Wall |
Match timeline
| 4:21 | 我本善良 · first_building Barracks |
| 4:37 | Macluffy · first_building Barracks |
| 5:52 | 我本善良 · wall_segment Palisade Wall x3 |
| 5:59 | Macluffy · wall_segment Palisade Wall x1 |
| 5:59 | Macluffy · wall_segment Palisade Wall x1 |
| 6:00 | Macluffy · wall_segment Palisade Wall x1 |
| 7:46 | Macluffy · wall_segment Palisade Wall x8 |
| 8:03 | 我本善良 · wall_segment Palisade Wall x2 |
| 8:05 | 我本善良 · wall_segment Palisade Wall x1 |
| 10:48 | 我本善良 · age_up feudal |
| 10:54 | 我本善良 · first_building Archery Range |
| 11:24 | Macluffy · age_up feudal |
| 11:35 | Macluffy · first_building Archery Range |
| 11:41 | 我本善良 · wall_segment Palisade Wall x6 |
| 11:43 | 我本善良 · wall_segment Palisade Wall x12 |
| 14:14 | Macluffy · wall_segment Palisade Wall x1 |
| 14:17 | Macluffy · wall_segment Palisade Wall x7 |
| 14:17 | 我本善良 · wall_segment Palisade Wall x20 |
| 17:28 | Macluffy · first_market_sell 100 stone |
| 17:29 | Macluffy · first_market_buy 100 food |
| 17:42 | 我本善良 · first_building Stable |
| 17:52 | 我本善良 · wall_segment Stone Wall x6 |
| 17:54 | 我本善良 · wall_segment Stone Wall x6 |
| 18:34 | 我本善良 · wall_segment Palisade Wall x1 |
| 18:35 | 我本善良 · wall_segment Palisade Wall x1 |
| 18:37 | 我本善良 · wall_segment Palisade Wall x1 |
| 18:38 | 我本善良 · wall_segment Stone Wall x2 |
| 19:01 | 我本善良 · age_up castle |
| 21:18 | Macluffy · wall_segment Palisade Wall x1 |
| 21:31 | 我本善良 · wall_segment Stone Wall x1 |
| 21:49 | Macluffy · wall_segment Palisade Wall x1 |
| 21:49 | 我本善良 · wall_segment Stone Wall x1 |
| 21:50 | Macluffy · wall_segment Palisade Wall x1 |
| 21:52 | Macluffy · wall_segment Palisade Wall x1 |
| 22:04 | Macluffy · wall_segment Palisade Wall x10 |
| 22:19 | Macluffy · age_up castle |
| 23:18 | Macluffy · wall_segment Palisade Wall x1 |
| 23:40 | Macluffy · wall_segment Palisade Wall x1 |
| 23:41 | Macluffy · wall_segment Palisade Wall x1 |
| 23:41 | Macluffy · wall_segment Palisade Wall x1 |
| 24:43 | 我本善良 · first_building Siege Workshop |
| 27:32 | Macluffy · first_building Stable |
| 31:38 | 我本善良 · first_market_sell 100 wood |
| 32:15 | 我本善良 · first_building Castle |
| 33:09 | Macluffy · first_building Monastery |
| 33:24 | Macluffy · first_building Siege Workshop |
| 36:44 | 我本善良 · wall_segment Palisade Wall x1 |
| 36:44 | 我本善良 · wall_segment Palisade Wall x1 |
| 36:45 | 我本善良 · wall_segment Palisade Wall x1 |
| 37:48 | 我本善良 · first_market_buy 100 food |
| 38:32 | Macluffy · first_building Castle |
| 40:53 | Macluffy · age_up imperial |
| 43:30 | Macluffy · wall_segment Stone Wall x1 |
| 46:49 | Macluffy · wall_segment Stone Wall x6 |
| 46:52 | Macluffy · wall_segment Stone Wall x3 |
| 46:56 | 我本善良 · age_up imperial |
| 48:00 | Macluffy · resign |
[ AI ANALYSIS · 1 CREDIT ]
What really happened in this match?
Wolo.gg analyzes every decision: build order, eco, micro, common mistakes by bracket. Personalized analysis on WhatsApp or Discord in 30 seconds.
Civ guide
Saracens
Perfil
Jugador #453821